 Dungeon Crawl Stone Soup version 0.26-a0-597-gb535b0901c (webtiles) character file.

Game seed: 857395667965351831

6 Lanoc the Chopper (level 2, 0/23 HPs)
             Began as a Formicid Gladiator on Sept 7, 2020.
             Killed from afar by a white imp (10 damage)
             ... with a puff of frost
             ... on level 2 of the Dungeon.
             The game lasted 00:00:22 (237 turns).

Lanoc the Chopper (Formicid Gladiator)               Turns: 237, Time: 00:00:22

Health: 0/23       AC:  3    Str: 18    XL:     2   Next: 0%
Magic:  2/2        EV: 12    Int:  7    God:
Gold:   16         SH:  0    Dex: 12    Spells: 1/1 levels left

rFire    . . .     SeeInvis +   a - +0 war axe
rCold    . . .     Faith    .   (no shield)
rNeg     . . .     Spirit   .   b - +0 leather armour
rPois    .         Reflect  .   (helmet unavailable)
rElec    .         Harm     .   (no cloak)
rCorr    .                      (no gloves)
MR       .....                  (no boots)
Stlth    +.........             (no amulet)
HPRegen  0.07/turn              (no ring)
MPRegen  0.08/turn              (no ring)

@: no status effects
A: permanent stasis, dig shafts and tunnels, four strong arms, antennae 3
a: Dig, Shaft Self


You were on level 2 of the Dungeon.
You visited 1 branch of the dungeon, and saw 2 of its levels.

You collected 16 gold pieces.

Inventory:

Hand Weapons
 a - a +0 war axe (weapon)
Missiles
 c - 3 throwing nets (quivered)
Armour
 b - a +0 leather armour (worn)
Scrolls
 e - a scroll of identify {unknown}
Potions
 d - a potion of brilliance {unknown}
 f - a potion of stabbing {unknown}


   Skills:
 + Level 2.3 Fighting
 * Level 3.2 Axes
 - Level 2.0 Throwing
 + Level 0.2 Armour
 + Level 2.7 Dodging


You had one spell level left.
You didn't know any spells.
Your spell library was empty.

Dungeon Overview and Level Annotations

Branches:
Dungeon (2/15)

Altars:


Innate Abilities, Weirdness & Mutations

You cannot be hasted, slowed, berserked, paralysed or teleported.
You can dig through walls and to a lower floor.
Your four strong arms can wield two-handed weapons with a shield.
You have a pair of large antennae on your head. (SInv)


Message History

There is a stone staircase leading up here.
A white imp opens the door.
The white imp shouts, "Decamp, thou cockered tickle-brained dewberry!"
You closely miss the white imp.
The white imp shouts, "Scamper hence, thou feckless miscreant malt-worm!"
The white imp hits you. The white imp freezes you.
You hit the white imp.
The white imp is moderately wounded.
The white imp barely misses you.
You barely miss the white imp.
The white imp is moderately wounded.
The white imp shouts, "Back with thee, thou rough-hewn fob-snatching pustule!"
The white imp hits you. The white imp freezes you. The white imp misses you.
You are too injured to fight recklessly!
You are too injured to fight recklessly!
You hit the white imp but do no damage.
The white imp is moderately wounded.
The white imp gestures at you. The puff of frost hits you!
You die...

##+#
##...##
##.....##
##.....[.##
#........<#
+.........+
#.........#
##.....@.##
##...!5##
##$..##
##'# #. #.
#.


You could see a white imp.

Vanquished Creatures
  2 ball pythons (D:1)
  2 goblins (D:1)
  A bat (D:1)
5 creatures vanquished.

Notes
Turn   | Place    | Note
-------+----------+-------------------------------------------
     0 | D:1      | Lanoc the Formicid Gladiator began the quest for the Orb.
     0 | D:1      | Reached XP level 1. HP: 16/16 MP: 1/1
   170 | D:1      | Reached XP level 2. HP: 16/23 MP: 2/2
   237 | D:2      | Killed from afar by a white imp

Illustrated notes

Levels and vault maps discovered:
D:1:      mrwooster_arrival_statue, layout_basic, minmay_heptomino_d4
D:2:      layout_loops_corners, nicolae_overflow_hidden_temple,
          cheibriados_altar_1

Action                   || total
-------------------------++-------
Melee: War axe           ||    16
Armor: Leather armour    ||     4
Dodge: Dodged            ||    11

Table legend: (Time is in decaauts)
 A = Elapsed time spent in this place.
 B = Non-inter-level travel time spent in this place.
 C = Inter-level travel time spent in this place.
 D = Time resting spent in this place.
 E = Time spent auto-exploring this place.
 F = Levels seen in this place.
 G = Mean time per level.
                   A        B        C        D        E       F      G
               +--------+--------+--------+--------+--------+-----+--------+
         Total |    241 |    241 |      0 |      0 |    197 |   2 |  120.5 |
       Dungeon |    241 |    241 |      0 |      0 |    197 |   2 |  120.5 |
               +--------+--------+--------+--------+--------+-----+--------+

Top non-repeatable levels by time:
     D:1: 176 daAuts
     D:2: 65 daAuts
